AoeStats
← WENDIGO

Lombardia

507646582Analyzed
2v2 RM · 12d ago on Sep 19, 2026· 25m 9s· 4 players
Game mode
Random Map
Map size
Medium (4 player)
Population
200
Speed
Normal
Resources
Standard
Victory
Conquest
Starting age
Dark Age
Ending age
Imperial Age
RankedLock teamsTeams togetherTeam positionsShared explorationLock speedFull tech treeHidden civsTurbo modeCheats
Victory
Defeat
🇺🇸 Ethiopians · United States
950
+15
🇳🇱 Berbers · Netherlands
896
+17
🇲🇽 Franks · Mexico
944
-16
🇧🇴 Malians · Bolivia
912
-16
unsinkable sam
6:52 Loom
9:30 Feudal Age
10:12 Double-Bit Axe
12:03 Fletching
18:55 Castle Age
17:54 Horse Collar
18:55 Wheelbarrow
19:34 Bodkin Arrow
19:01 Crossbowman
21:08 Bow Saw
24:02 Gold Mining
24:35 Padded Archer Armor
I don't care anymore
8:28 Loom
11:24 Feudal Age
11:52 Town Watch
12:43 Wheelbarrow
13:59 Double-Bit Axe
15:25 Horse Collar
22:32 Castle Age
23:44 Hand Cart
25:00 Bow Saw
WENDIGO
4:32 Loom
12:08 Feudal Age
12:34 Double-Bit Axe
13:29 Wheelbarrow
13:15 Gold Mining
20:08 Castle Age
20:11 Stone Mining
20:36 Scale Barding Armor
23:28 Chain Barding Armor
23:30 Bow Saw
24:16 Husbandry
Super Kaute
Connection lost

Rejoining the realm…

Still unreachable

The connection could not be restored.

Session expired

The server has moved on; the page needs a fresh start.